 Dungeon Crawl Stone Soup version 0.29-a0-330-g52719c12eb (webtiles) character file.

Game seed: 9993766829086580523

3125 dohliylev the Grappler (level 9, -1/85 HPs)
             Began as a Troll Warper on May 27, 2022.
             Was a Believer of Okawaru.
             Slain by a two-headed ogre
             ... wielding a +0 giant spiked club
              (24 damage)
             ... on level 8 of the Dungeon.
             The game lasted 00:17:04 (7483 turns).

dohliylev the Grappler (Troll Warper)               Turns: 7483, Time: 00:17:04

Health: -1/85      AC:  4    Str: 31    XL:     9   Next: 61%
Magic:  9/11       EV: 12    Int:  9    God:    Okawaru [**....]
Gold:   443        SH:  5    Dex: 13    Spells: 1/12 levels left

rFire   . . .      SeeInvis .     - Unarmed
rCold   + . .      Faith    .   (no shield)
rNeg    . . .      Spirit   .   a - +0 robe
rPois   +          Reflect  +   (helmet restricted)
rElec   .          Harm     .   (no cloak)
rCorr   +          Rampage  .   (gloves unavailable)
Will    .....                   (boots unavailable)
Stlth   +.........              G - amulet of reflection
HPRegen 1.04/turn               k - ring "Zigont" {rPois rC+ rCorr Dex+4}
MPRegen 0.12/turn               y - +6 ring of strength

@: on blink cooldown
A: large, unfitting armour, claws 3, regeneration 1, shaggy fur 1, tough skin 1
a: Renounce Religion, Heroism


You were on level 8 of the Dungeon.
You worshipped Okawaru.
Okawaru was pleased with you.
You visited 1 branch of the dungeon, and saw 8 of its levels.
You also visited: Sewer.

You collected 443 gold pieces.

Inventory:

Missiles
 s - 4 boomerangs (quivered)
Armour
 a - a +0 robe (worn)
Jewellery
 k - the ring "Zigont" (left claw) {rPois rC+ rCorr Dex+4}
   (You found it on level 2 of the Dungeon)

   [ring of resist corrosion]

   Dex:       It affects your dexterity (+4).
   rC:        It protects you from cold.
   rPois:     It protects you from poison.
   rCorr:     It protects you from acid and corrosion.
 y - a +6 ring of strength (right claw)
 G - an amulet of reflection (around neck)
Wands
 i - a wand of digging (2)
 H - a wand of flame (26)
 I - a wand of iceblast (11)
Scrolls
 b - a scroll of blinking
 e - 2 scrolls of amnesia {unknown}
 f - 3 scrolls of fear {unknown}
 h - 13 scrolls of identify {unknown}
 j - a scroll of holy word {unknown}
 l - a scroll of noise {unknown}
 m - 2 scrolls of fog {unknown}
 p - 2 scrolls of brand weapon {unknown}
 q - 2 scrolls of summoning {unknown}
 t - 4 scrolls of vulnerability {unknown}
 u - 6 scrolls of teleportation {unknown}
 x - a scroll of enchant armour {unknown}
 C - 2 scrolls of torment {unknown}
 E - a scroll of silence {unknown}
Potions
 d - 4 potions of might {unknown}
 g - 7 potions of curing {unknown}
 n - a potion of berserk rage {unknown}
 o - a potion of flight {unknown}
 r - a potion of degeneration {unknown}
 v - a potion of attraction {unknown}
 w - 2 potions of haste {unknown}
 z - 2 potions of mutation {unknown}
 A - 3 potions of heal wounds {unknown}
 B - a potion of magic {unknown}
 D - 2 potions of cancellation {unknown}
 F - 2 potions of brilliance {unknown}


   Skills:
 + Level 4.5 Fighting
 + Level 2.1 Throwing
 + Level 7.0 Dodging
 - Level 0.1 Shields
 - Level 8.0 Unarmed Combat
 + Level 2.3 Spellcasting
 + Level 3.7 Translocations


You had one spell level left.
You knew the following spells:

 Your Spells              Type           Power      Damage    Failure   Level
a - Blink                 Tloc           14%        N/A       11%         2
b - Lesser Beckoning      Tloc           7%         N/A       21%         3
c - Teleport Other        Tloc           7%         N/A       21%         3
d - Mephitic Cloud        Conj/Pois/Air  1%         N/A       69%         3

Your spell library contained the following spells:

 Spells                   Type           Power      Damage    Failure   Level
 Gell's Gravitas          Tloc           7%         N/A       21%         3
 Corpse Rot               Necr/Air       2%         N/A       45%         2
 Poisonous Vapours        Pois/Air       2%         N/A       45%         2
 Static Discharge         Conj/Air       1%         N/A       45%         2
 Manifold Assault         Tloc           7%         N/A       88%         5
 Freezing Cloud           Conj/Ice/Air   0%         6-21      100%        5
 Lightning Bolt           Conj/Air       0%         1d11      100%        5
 Dispersal                Tloc           3%         N/A       100%        6
 Orb of Destruction       Conj           0%         9d5       100%        7
 Maxwell's Capacitive Co  Air            0%         ∞         100%        8
 Summon Mana Viper        Hex/Summ       Unusable   N/A       N/A         5

Dungeon Overview and Level Annotations

Branches:
Dungeon (8/15)             Temple (0/1) D:6           Sewer (visited)
   Lair: D:8-11

Altars:
Cheibriados
Okawaru
Ru
Zin

Shops:
D:2 *   D:3 [   D:8 (

Annotations:
D:8 3 runed translucent doors, Aelig's ghost, novice DgCj


Innate Abilities, Weirdness & Mutations

You are too large for most types of armour.
You have claws for hands.
Your natural rate of healing is unusually fast.
You are covered in fur. (AC +1)
You have tough skin. (AC +1)


Message History

You blink.
The kobold hits you with a +0 club.
You claw the kobold!
You kill the kobold!
The two-headed ogre hits you with a +0 giant spiked club.
The two-headed ogre misses you.
The two-headed ogre attacks as you move away!
The two-headed ogre hits you with a +0 giant spiked club!
The two-headed ogre barely misses you.
A centaur comes into view.
You feel stable enough to blink again.
The centaur shouts!
The centaur wields a +0 shortbow.
The centaur shoots an arrow.
The arrow hits you!
Found 13 gold pieces.
The centaur unwields a +0 shortbow.
The centaur misses you. The centaur kicks you.
You claw the centaur!
The centaur is severely wounded.
The centaur closely misses you.
The centaur kicks you but does no damage.
You mangle the centaur!!
You kill the centaur!
Okawaru accepts your kill.
The two-headed ogre hits you with a +0 giant spiked club!!
The two-headed ogre hits you with a +0 giant club!!
* * * LOW HITPOINT WARNING * * *
Your Dodging skill increases to level 7!
Found a stone.
Found a runed translucent gate.
Things that are here:
a +0 shortbow; a centaur corpse
Found 2 stones and a book of Callings.
Found 2 stones.
Found 3 large rocks.
Aelig's ghost turns its malevolent gaze towards you.
Unknown command.
Casting: Blink (safe; 11% risk of failure)
Confirm with . or Enter, or press ? or * to list all spells.
You blink.
The two-headed ogre attacks as you move away!
The two-headed ogre hits you with a +0 giant spiked club!!
You die...

#.# #.#
#.# #.#
###.#
#.).#
#.###
###..####
#...O@..#
#§......#
###+++###
#$...W(.#
#..(....#
#:...(..#
#((.....#
#...8.(.#
#########


You could see a two-headed ogre and Aelig's ghost.

Vanquished Creatures
  Prince Ribbit (D:7)
  Eustachio (D:5)
  Menkaure (D:5)
  2 water moccasins
  An ice beast (D:7)
  A sky beast (D:7)
  3 black bears
  3 ogres
  2 centaurs
  2 phantoms
  2 kobold brigands
  2 bullfrogs
  5 necrophages
  A scorpion (D:5)
  2 hounds
  3 orc priests
  2 jellies
  A gnoll shaman (D:8)
  2 iguanas (D:5)
  Jessica (D:3)
  Natasha (thrice) (D:2)
  4 orc wizards
  Robin (D:2)
  4 gnolls (D:8)
  9 adders
  6 river rats (Sewer)
  A worm (D:3)
  A dart slug (D:1)
  12 orcs
  9 ball pythons
  4 bats
  15 endoplasms
  3 giant cockroaches
  10 goblins
  12 hobgoblins
  3 jackals (D:2)
  8 quokkas
  3 frilled lizards
  28 kobolds
  27 rats
201 creatures vanquished.

Vanquished Creatures (others)
  3 fungi (D:6)
  5 toadstools (D:1)
8 creatures vanquished.

Grand Total: 209 creatures vanquished

Notes
Turn   | Place    | Note
-------+----------+-------------------------------------------
     0 | D:1      | dohliylev the Troll Warper began the quest for the Orb.
     0 | D:1      | Reached XP level 1. HP: 19/19 MP: 1/1
    73 | D:1      | Reached XP level 2. HP: 27/27 MP: 3/3
   456 | D:1      | Reached XP level 3. HP: 33/33 MP: 4/4
   717 | D:2      | Noticed Natasha
   724 | D:2      | Killed Natasha
   725 | D:2      | Reached skill level 3 in Unarmed Combat
   731 | D:2      | Found Koybloat's Assorted Antiques.
   751 | D:2      | Reached XP level 4. HP: 42/42 MP: 5/5
   872 | D:2      | Noticed Robin
   959 | D:2      | Killed Robin
  1076 | D:2      | Found a faded altar of an unknown god.
  1106 | D:2      | Identified the ring "Zigont" {rPois rC+ rCorr Dex+4}
  1169 | D:2      | Noticed Natasha
  1175 | D:2      | Killed Natasha
  1262 | D:2      | Noticed Natasha
  1274 | D:2      | Killed Natasha
  1275 | D:2      | Reached XP level 5. HP: 33/49 MP: 6/6
  1401 | D:3      | Reached skill level 4 in Unarmed Combat
  1731 | D:3      | Noticed an ogre
  1777 | D:4      | Noticed an ogre
  1982 | D:4      | Reached XP level 6. HP: 55/57 MP: 7/7
  1986 | D:4      | Reached skill level 5 in Unarmed Combat
  2140 | D:3      | Found Esaereni's Armour Shop.
  2337 | D:3      | Noticed Jessica
  2343 | D:3      | Killed Jessica
  2640 | D:4      | Found an iron altar of Okawaru.
  2644 | D:4      | Found a sacrificial altar of Ru.
  2649 | D:4      | Became a worshipper of Warmaster Okawaru
  2655 | D:4      | Found a glowing silver altar of Zin.
  2828 | D:4      | Reached XP level 7. HP: 65/66 MP: 8/8
  2831 | D:4      | Learned a level 2 spell: Blink
  2835 | D:4      | Learned a level 3 spell: Lesser Beckoning
  2870 | D:4      | Reached skill level 6 in Unarmed Combat
  2878 | D:4      | Got Asmodeus's Catalogue of Confrontation and Calling
  3296 | D:5      | Entered Level 5 of the Dungeon
  3296 | D:5      | Noticed Menkaure
  3355 | D:5      | Reached skill level 1 in Throwing
  3362 | D:5      | Killed Menkaure
  3362 | D:5      | Reached * piety under Okawaru
  3363 | D:5      | Reached skill level 7 in Unarmed Combat
  3390 | D:5      | Reached XP level 8. HP: 74/74 MP: 9/9
  3717 | D:5      | Noticed Eustachio
  3768 | D:5      | Killed Eustachio
  3859 | D:5      | Reached skill level 8 in Unarmed Combat
  4258 | D:5      | Reached skill level 5 in Dodging
  4333 | D:6      | Found a glowing drain.
  4376 | Sewer    | Entered a sewer
  5170 | D:6      | Found a staircase to the Ecumenical Temple.
  5235 | D:6      | Found a snail-covered altar of Cheibriados.
  5288 | D:6      | Identified the +5 trident of the Sheltering Gods {venom,
                  | rF+ Dex+2}
  5374 | D:6      | Reached ** piety under Okawaru
  5412 | D:6      | Reached XP level 9. HP: 72/83 MP: 10/10
  5901 | D:7      | Learned a level 3 spell: Teleport Other
  6000 | D:7      | Noticed Prince Ribbit
  6005 | D:7      | Killed Prince Ribbit
  6943 | D:8      | Found Femex's Weapon Emporium.
  6948 | D:8      | Noticed a two-headed ogre
  7040 | D:8      | Learned a level 3 spell: Mephitic Cloud
  7475 | D:8      | Found a runed translucent gate.
  7476 | D:8      | Found a runed translucent gate.
  7476 | D:8      | Found a runed translucent gate.
  7478 | D:8      | Noticed Aelig's ghost (novice DgCj)
  7483 | D:8      | Slain by a two-headed ogre

Illustrated notes

Levels and vault maps discovered:
D:1:      ldierk_walled_garden, layout_loops_ring
D:2:      layout_rooms, hellmonk_ecumenical_altar_slurped_away, serial_shops,
          shop, uniq_robin, uniq_natasha
D:3:      layout_basic, serial_shops, nicolae_shop_stone, minmay_distorted,
          uniq_jessica
D:4:      layout_loops_corners, minitemple
D:5:      layout_cave_pods, serial_column_ruins, column_ruins_hut,
          column_ruins_columns_straight, column_ruins_columns_straight,
          column_ruins_grid_1, column_ruins_grid_3, column_ruins_columns_plus,
          column_ruins_grid_1, kennysheep_nub, chequers_serial_rivers_large_a,
          uniq_menkaure, uniq_eustachio
D:6:      layout_basic, kennysheep_little_box, minmay_temple_entry_tees,
          serial_aquarium, aquarium_bridge_straight [aquarium_subvault_bridge,
          aquarium_subvault_window, aquarium_subvault_bridge,
          aquarium_subvault_window], aquarium_bridge_square
          [aquarium_subvault_bridge, aquarium_subvault_window,
          aquarium_subvault_bridge, aquarium_subvault_wall],
          aquarium_window_corridor_1, aquarium_window_fake, aquarium_window_1,
          aquarium_window_1, aquarium_view_2g, aquarium_balcony_double_1,
          portal_sewer_entry_f, uniq_edmund
D:7:      layout_basic, uniq_prince_ribbit1
D:8:      layout_loops_ring, serial_shops, nicolae_stop_n_shop_2,
          ebering_ghost_rock_garden, minmay_increasing_density

Skill      XL: |  1  2  3  4  5  6  7  8  9 |
---------------+----------------------------+-----
Dodging        | 2 3 4 5 7 |  7.0
Unarmed Combat | 3 4 5 7 8 |  8.0
Fighting       | 2 3 4 |  4.5
Throwing       | 1 2 |  2.1
Translocations | 3 |  3.7
Spellcasting   | 2 |  2.3
Shields        | |  0.1

Action                   |  1- 3 |  4- 6 |  7- 9 || total
-------------------------+-------+-------+-------++-------
Melee: Unarmed           |    72 |   166 |   330 ||   568
       Punch             |       |     4 |    13 ||    17
Throw: Boomerang         |       |       |    15 ||    15
 Cast: Lesser Beckoning  |       |       |     5 ||     5
       Blink             |       |       |     5 ||     5
Armor: Robe              |    25 |    60 |    85 ||   170
Dodge: Dodged            |    48 |   112 |   184 ||   344
Block: Other             |       |       |    16 ||    16

Table legend: (Time is in decaauts)
 A = Elapsed time spent in this place.
 B = Non-inter-level travel time spent in this place.
 C = Inter-level travel time spent in this place.
 D = Time resting spent in this place.
 E = Time spent auto-exploring this place.
 F = Levels seen in this place.
 G = Mean time per level.
                   A        B        C        D        E       F      G
               +--------+--------+--------+--------+--------+-----+--------+
         Total |   7474 |   7027 |    447 |    449 |   4675 |   9 |  830.4 |
       Dungeon |   6714 |   6267 |    447 |    238 |   4375 |   8 |  839.2 |
         Sewer |    759 |    759 |      0 |    211 |    299 |   1 |  759.0 |
               +--------+--------+--------+--------+--------+-----+--------+

Top non-repeatable levels by time:
     D:7: 1139 daAuts
     D:3: 1063 daAuts
     D:4: 1026 daAuts
     D:5: 987 daAuts
     D:6: 761 daAuts
   Sewer: 759 daAuts
     D:1: 626 daAuts
     D:2: 624 daAuts
     D:8: 486 daAuts
